 Dungeon Crawl Stone Soup version 0.30-a0-534-gdc55766716 (webtiles) character file.

Game seed: 4557142608115668297

32 mandarbmax the Covered (level 3, -2/33 HPs)
             Began as an Armataur Fighter on Dec 24, 2022.
             Slain by Terence
             ... wielding a +0 morningstar
              (11 damage)
             ... on level 2 of the Dungeon.
             The game lasted 00:01:08 (1036 turns).

mandarbmax the Covered (Armataur Fighter)           Turns: 1036, Time: 00:01:08

Health: -2/33      AC:  7    Str: 21    XL:     3   Next: 8%
Magic:  3/3        EV:  7    Int:  8    God:
Gold:   61         SH:  4    Dex: 11    Spells: 2/2 levels left

rFire   . . .      SeeInvis .    i - +2 dagger (freeze)
rCold   . . .      Faith    .    c - +0 buckler
rNeg    . . .      Spirit   .    b - +0 scale mail
rPois   .          Reflect  .    (no helmet)
rElec   .          Harm     .    (no cloak)
rCorr   .          Roll     +    (no gloves)
Will    .....                    (no barding) Stlth
                                 (no amulet)
HPRegen 0.25/turn                (no ring)
MPRegen 0.08/turn                (no ring)

@: about to teleport
A: large, rugged brown scales 3, deformed body, armoured tail, roll, long
tongue, awkward tongue
a: no special abilities


You were on level 2 of the Dungeon.
You visited 1 branch of the dungeon, and saw 2 of its levels.

You collected 61 gold pieces.

Inventory:

Hand Weapons
 a - a +0 rapier
 i - a +2 dagger of freezing (weapon)
Armour
 b - a +0 scale mail (worn)
 c - a +0 buckler (worn)
Scrolls
 e - a scroll of teleportation
 k - a scroll of magic mapping {unknown}
 l - a scroll of blinking {unknown}
Potions
 d - 2 potions of might
 f - a potion of resistance {unknown}
 g - a potion of degeneration {unknown}
 h - a potion of magic {unknown}
 j - a potion of mutation {unknown}


   Skills:
 - Level 3.0 Fighting
 + Level 2.3 Short Blades
 - Level 4.0 Armour
 + Level 3.8 Shields


You had 2 spell levels left.
You didn't know any spells.
Your spell library was empty.

Dungeon Overview and Level Annotations

Branches:
Dungeon (2/15)

Altars:
Trog

Annotations:
D:2 Terence


Innate Abilities, Weirdness & Mutations

You are completely covered in rugged brown scales. (AC +3, +7% HP)
Armour fits poorly on your strangely shaped body.
You have a long armoured tail.
You roll when moving toward enemies. (Rampage)
Your long tongue fully drains potion bottles. (2x potion effects)
Your tongue gives you trouble enunciating. (1.5x scroll delay)


Message History

No target in view!
No target in view!
No target in view!
No target in view!
No target in view!
No target in view!
No target in view!
No target in view!
No target in view!
No target in view!
No target in view!
You now have 61 gold pieces (gained 12).
Found a whip.
Found a bloodstained altar of Trog.
There is a bloodstained altar of Trog here.
Terence the Incautious comes into view.
He is wielding a +0 morningstar.
Terence is nearby!
Terence is nearby!
You hit Terence but do no damage. Terence hits you with a +0 morningstar.
You hit Terence but do no damage.
Your tail-slap misses Terence.
Terence closely misses you.
You hit Terence but do no damage. Terence hits you with a +0 morningstar.
You closely miss Terence. Terence hits you with a +0 morningstar!
You hit Terence but do no damage. You block Terence's attack.
You hit Terence. You freeze Terence.
Terence is lightly wounded.
Terence hits you with a +0 morningstar!
* * * LOW HITPOINT WARNING * * *
You are too injured to fight recklessly!
You are too injured to fight recklessly!
You are too injured to fight recklessly!
You are too injured to fight recklessly!
You are too injured to fight recklessly!
You are too injured to fight recklessly!
You are too injured to fight recklessly!
You are too injured to fight recklessly!
Okay, then.
As you slowly read the scroll labelled GUNUPN ZOFYIM, it crumbles to dust.
You feel strangely unstable.
It was a scroll of teleportation.
Terence hits you with a +0 morningstar!
You die...

#.)..#.............
#.....#.#########.#
#.......# #.#
#.._...## #.# #.....##
#.. #.....###### #..
##.........# #..
#.#######.# #.#
#@#######.### #.#
#.@...........####.#
....####.####.....##..
##### # ###.....[.
######.. #.# #.# ..#
####


You could see Terence.

Vanquished Creatures
  3 ball pythons
  2 endoplasms
  2 giant cockroaches (D:1)
  A goblin (D:1)
  5 hobgoblins (D:1)
  2 jackals (D:1)
  A quokka (D:1)
  4 bats
  2 frilled lizards (D:1)
  3 kobolds
  3 rats
28 creatures vanquished.

Notes
Turn   | Place    | Note
-------+----------+-------------------------------------------
     0 | D:1      | mandarbmax the Armataur Fighter began the quest for the
                  | Orb.
     0 | D:1      | Reached XP level 1. HP: 19/19 MP: 1/1
   133 | D:1      | Reached XP level 2. HP: 26/26 MP: 2/2
   156 | D:1      | You fall into a shaft and drop 1 floor!
   393 | D:1      | Reached skill level 4 in Armour
   553 | D:1      | Reached XP level 3. HP: 33/33 MP: 3/3
  1013 | D:2      | Found a bloodstained altar of Trog.
  1029 | D:2      | Noticed Terence
  1036 | D:2      | Slain by Terence

Illustrated notes

Levels and vault maps discovered:
D:1:      dpeg_arrival_signposts, layout_basic
D:2:      layout_loops_ring, basic_altar,
          shapermc_ecumenical_altar_mp_urbaneastern, uniq_terence

Skill      XL: |  1  2 |
---------------+-------+-----
Short Blades   | 2 |  2.3
Armour         | 4 |  4.0
Fighting       | 3 |  3.0
Shields        | |  3.8

Action                   || total
-------------------------++-------
Melee: Rapier            ||    56
       Tailslap          ||    13
       Dagger            ||    45
  Use: Scroll            ||     1
Armor: Scale mail        ||    42
Dodge: Dodged            ||    39
Block: Buckler           ||    26

Table legend: (Time is in decaauts)
 A = Elapsed time spent in this place.
 B = Non-inter-level travel time spent in this place.
 C = Inter-level travel time spent in this place.
 D = Time resting spent in this place.
 E = Time spent auto-exploring this place.
 F = Levels seen in this place.
 G = Mean time per level.
                   A        B        C        D        E       F      G
               +--------+--------+--------+--------+--------+-----+--------+
         Total |   1038 |    954 |     84 |      0 |    788 |   2 |  519.0 |
       Dungeon |   1038 |    954 |     84 |      0 |    788 |   2 |  519.0 |
               +--------+--------+--------+--------+--------+-----+--------+

Top non-repeatable levels by time:
     D:1: 830 daAuts
     D:2: 207 daAuts
